 Dungeon Crawl Stone Soup version 0.23-a0-242-g2b5ca64 (webtiles) character file.

2384 KristoblXynda the Covert (level 9, 0/73 HPs)
             Began as a Naga Gladiator on Sept 28, 2018.
             Was an Initiate of Ashenzari.
             Slain by a bullfrog (2 damage)
             ... on level 8 of the Dungeon.
             The game lasted 00:15:17 (7488 turns).

KristoblXynda the Covert (Naga Gladiator)           Turns: 7488, Time: 00:15:17

Health: 0/73       AC:  9    Str: 17    XL:     9   Next: 45%
Magic:  0/9        EV: 11    Int: 11    God:    Ashenzari [......]
Gold:   556        SH:  0    Dex: 13    Spells: 8/8 levels left

rFire    . . .     SeeInvis +   a - +0 war axe
rCold    . . .     Gourm    .   (no shield)
rNeg     . . .     Faith    .   e - +0 troll leather armour (curse) {Purgy}
rPois    +         Spirit   .   c - +1 helmet
rElec    .         Reflect  .   (no cloak)
rCorr    .         Harm     .   g - +0 pair of gloves
MR       +....                  (no barding)
Stlth    ++++......             r - amulet of regeneration (curse)
HPRegen  1.02/turn              (no ring)
MPRegen  0.11/turn              (no ring)

@: drained, very slow
A: large, see invisible, deformed body, poison resistance, slowness 2, slow
metabolism 1, spit poison 1, AC +3
a: Spit Poison, Curse Item, Renounce Religion


You were on level 8 of the Dungeon.
You worshipped Ashenzari.
Ashenzari was noncommittal.
You were hungry.

You visited 2 branches of the dungeon, and saw 9 of its levels.
You also visited: Ossuary.

You collected 578 gold pieces.
You spent 22 gold pieces at shops.

Inventory:

Hand Weapons
 a - a +0 war axe (weapon)
 t - a +0 flail of protection
Missiles
 d - 3 throwing nets (quivered)
Armour
 c - a +1 helmet (worn)
 e - a cursed +0 troll leather armour (worn) {Purgy}
 g - a +0 pair of gloves (worn)
Jewellery
 r - a cursed amulet of regeneration (around neck)
Wands
 p - a wand of disintegration (15)
Scrolls
 i - 3 scrolls of enchant armour
 k - 5 scrolls of amnesia
 l - 9 scrolls of teleportation
 m - 4 scrolls of remove curse
 n - a scroll of immolation
 v - a scroll of fear
 x - a scroll of magic mapping
 y - 3 scrolls of identify
 A - a scroll of blinking
Potions
 b - 4 potions of curing
 j - a potion of ambrosia
 o - a potion of brilliance
 q - 2 potions of magic
 s - 2 potions of mutation
 u - 2 potions of haste
 w - a potion of resistance
 z - a potion of flight
Comestibles
 f - 5 rations


   Skills:
 - Level 2.0(1.0) Fighting
 + Level 6.9(5.8) Axes
 - Level 2.1(1.2) Throwing
 + Level 4.9(3.8) Armour
 + Level 5.7(4.6) Dodging
 + Level 9.3(8.1) Stealth


You had 8 spell levels left.
You didn't know any spells.
Your spell library contained the following spells:

 Spells                   Type           Power        Failure   Level  Hunger
 Corona                   Hex            #......      38%         1    ##.....
 Magic Dart               Conj           #...         38%         1    ##.....
 Blink                    Tloc           N/A          54%         2    ###....
 Call Imp                 Summ           #.......     54%         2    ###....
 Ensorcelled Hibernation  Hex/Ice        #.....       54%         2    ###....
 Slow                     Hex            #.......     54%         2    ###....
 Confuse                  Hex            #.......     77%         3    ####...
 Conjure Flame            Conj/Fire      #.......     77%         3    ####...
 Dazzling Spray           Conj/Hex       #.....       77%         3    ####...
 Mephitic Cloud           Conj/Pois/Air  #.......     77%         3    ####...
 Tukima's Dance           Hex            #.......     77%         3    ####...


Dungeon Overview and Level Annotations

Branches:
Dungeon (8/15)             Temple (1/1) D:6
   Lair: D:8-11

Altars:
Ashenzari
Dithmenos
Gozag
Hepliaklqana
Kikubaaqudgha
Makhleb
Nemelex Xobeh
Okawaru
Qazlal
Ru
Sif Muna
Trog
Uskayaw
Vehumet
Wu Jian
Yredelemnul
Zin
The Shining One

Shops:
D:5 ?   D:8 =

Annotations:
D:7 2 transporters, galech's ghost, novice DsFi


Innate Abilities, Weirdness & Mutations

You cannot wear boots.
Your serpentine skin is tough. (AC +3)
You have supernaturally acute eyesight. (SInv)
Armour fits poorly on your strangely shaped body.
Your system is resistant to poisons. (rPois)
You cover ground very slowly.
You have a slow metabolism.
You can spit poison.


Message History

The bullfrog skeleton hits you but does no damage.
You slash the two-headed ogre!
The two-headed ogre is almost dead.
You hit the bullfrog skeleton.
You destroy the bullfrog skeleton!
You hit the orc. You hit the bullfrog. The bullfrog completely misses you.
The orc barely misses you. The bullfrog barely misses you.
The eye of draining gazes at you.
You feel your power leaking away.
The two-headed ogre hits you with a giant club.
* * * LOW HITPOINT WARNING * * *
The two-headed ogre hits you with a giant spiked club!
* * * LOW HITPOINT WARNING * * *
Evoke which item? (* to show all) (? for menu, Esc to quit)
Aiming: Disintegrate
Press: ? - help, Shift-Dir - straight line, f/p - two-headed ogre
Aim: a two-headed ogre, wielding a giant club and a giant spiked club (almost The two-headed ogre resists with some effort.
The bullfrog hits you.
You die...

#.o..... ....
#####...
(.....#....
.......G........
#............∩.
###.oFO.......
#....@........
########......
...... .....
#####


You could see a two-headed ogre, an eye of draining, a bullfrog and an orc.

Vanquished Creatures
  Edmund (D:4)
  Purgy (D:3)
  An orc warrior (D:7)
  2 sky beasts
  2 ogres
  A phantom (D:7)
  Blork the orc (D:4)
  3 bullfrogs
  A scorpion (D:7)
  9 wights
  3 howler monkeys (D:8)
  2 orc priests
  3 hounds
  2 orc wizards
  2 human zombies (Ossuary)
  2 bullfrog skeletons
  A centaur skeleton (D:7)
  2 iguanas
  5 worker ants
  A big kobold zombie (Ossuary)
  2 hound skeletons (D:4)
  4 mummies
  8 adders
  A shadow imp (D:7)
  An adder skeleton (D:4)
  2 worms
  2 dart slugs
  7 leopard geckos
  25 orcs
  2 ball pythons
  4 giant cockroaches
  6 hobgoblins
  11 jackals
  2 quokkas
  4 bats
  5 frilled lizards
  3 gnoll zombies (Ossuary)
  5 goblins
  2 goblin zombies (Ossuary)
  A jackal skeleton (D:5)
  A kobold (D:3)
  A quokka skeleton (D:8)
  6 rats
150 creatures vanquished.

Notes
Turn   | Place    | Note
-------+----------+-------------------------------------------
     0 | D:1      | KristoblXynda the Naga Gladiator began the quest for the
                  | Orb.
     0 | D:1      | Reached XP level 1. HP: 19/19 MP: 1/1
   245 | D:1      | Reached XP level 2. HP: 10/26 MP: 2/2
  1118 | D:2      | Reached XP level 3. HP: 31/32 MP: 3/3
  1652 | D:2      | Found a glowing silver altar of Zin.
  2037 | D:3      | Reached skill level 1 in Stealth
  2047 | D:3      | Found a stormy altar of Qazlal.
  2412 | D:3      | Noticed Purgy
  2448 | D:3      | Killed Purgy
  2448 | D:3      | Reached skill level 1 in Armour
  2448 | D:3      | Reached skill level 3 in Stealth
  2448 | D:3      | Reached XP level 4. HP: 34/39 MP: 4/4
  2448 | D:3      | Reached XP level 5. HP: 40/45 MP: 5/5
  2578 | D:3      | Found a hazy altar of Hepliaklqana.
  2779 | D:3      | Reached XP level 6. HP: 51/52 MP: 6/6
  2952 | D:3      | Found a faded altar of an unknown god.
  3232 | D:4      | Reached skill level 4 in Stealth
  3266 | D:4      | Noticed Edmund
  3296 | D:4      | Killed Edmund
  3333 | D:4      | Reached XP level 7. HP: 57/60 MP: 7/7
  3591 | D:4      | Reached skill level 5 in Stealth
  3620 | D:4      | Noticed Blork the orc
  3640 | D:4      | Killed Blork the orc
  4074 | D:4      | Found a bloodstained altar of Trog.
  4075 | D:4      | Found an iron altar of Okawaru.
  4500 | D:5      | Entered Level 5 of the Dungeon
  4537 | D:5      | Found a sand-covered staircase.
  4542 | D:5      | Reached skill level 5 in Axes
  4548 | Ossuary  | Entered an ossuary
  4930 | D:5      | Reached skill level 6 in Stealth
  4988 | D:5      | Found a sacrificial altar of Ru.
  4990 | D:5      | Found a basalt altar of Yredelemnul.
  4993 | D:5      | Found a radiant altar of Vehumet.
  5306 | D:5      | Reached XP level 8. HP: 52/67 MP: 8/8
  5581 | D:5      | Found Ycew's Magic Scroll Shoppe.
  5610 | D:5      | Bought a scroll of identify for 22 gold pieces
  5827 | D:6      | Reached skill level 7 in Stealth
  6100 | D:6      | Found a staircase to the Ecumenical Temple.
  6109 | Temple   | Entered the Ecumenical Temple
  6173 | Temple   | Became a worshipper of Ashenzari the Shackled
  6287 | D:6      | Reached skill level 5 in Dodging
  6393 | D:6      | Found a glowing golden altar of the Shining One.
  6511 | D:7      | Reached skill level 8 in Stealth
  6542 | D:7      | Reached XP level 9. HP: 46/73 MP: 9/9
  7003 | D:7      | Found a transporter.
  7004 | D:7      | Noticed galech's ghost (novice DsFi)
  7005 | D:7      | Found a transporter.
  7053 | D:7      | Reached skill level 9 in Stealth
  7441 | D:8      | Noticed a two-headed ogre
  7460 | D:8      | Found Tiyb's Jewellery Shop.
  7487 | D:8      | HP: 1/73 [two-headed ogre/giant club (11)]
  7488 | D:8      | Slain by a bullfrog

Vault maps used:
D:1:      dpeg_arrival_shrine
D:2:      marbit_many_paths, mrwooster_statue_mirror
D:3:      lemuel_round_altar, lemuel_crystal_altar,
          chequers_ecumenical_altar_island, uniq_purgy
D:4:      grunt_temple_overflow_bloody_war, uniq_edmund, uniq_blork_the_orc
D:5:      minitemple, gup_ossuary_entry_pyramid, serial_shops, shop_coins,
          first_ration
D:6:      lemuel_doored_altar, minmay_temple_entry_trees, kennysheep_doodads
D:7:      gammafunk_ghost_smash
D:8:      xom_redecorated, gammafunk_temple_overflow_wave, serial_shops, shop,
          hangedman_little_slice_of_home
Temple:   jpeg_temple_island
Ossuary:  ossuary_crypta

Skill      XL: |  1  2  3  4  5  6  7  8  9 |
---------------+----------------------------+-----
Throwing       | 2 |  2.1
Stealth        | 3 4 6 8 9 |  9.3
Axes           | 4 5 6 |  6.9
Armour         | 1 2 3 4 |  4.9
Dodging        | 3 4 5 |  5.7
Fighting       | |  2.0

Action                   |  1- 3 |  4- 6 |  7- 9 || total
-------------------------+-------+-------+-------++-------
Melee: War axe           |   115 |   129 |   396 ||   640
Invok: Curse Item        |       |       |     2 ||     2
 Abil: Spit Poison       |    10 |     3 |    12 ||    25
Evoke: Wand              |       |       |     6 ||     6
  Use: Potion            |     5 |     1 |     3 ||     9
       Scroll            |     4 |     2 |    14 ||    20
 Stab: Sleeping          |       |     2 |    17 ||    19
       Distracted        |       |       |     1 ||     1
  Eat: Chunk             |     3 |     4 |     5 ||    12
       Ration            |       |       |     2 ||     2
Armor: Leather armour    |    52 |       |       ||    52
       Troll leather arm |       |    60 |   172 ||   232
Dodge: Dodged            |    93 |    91 |   264 ||   448

Table legend:
 A = Non-vault XP
 B = Vault XP
 C = Vault XP percentage of total XP
 D = Non-vault monster count
 E = Vault monster count
 F = Vault count percentage of total count
                 A         B        C        D         E       F
            +---------+---------+-------+---------+---------+-------
      Total |    2796 |     610 |  17.9 |     133 |      17 |  11.3
            +---------+---------+-------+---------+---------+-------
        D:1 |      32 |       0 |   0.0 |      19 |       0 |   0.0
        D:2 |      14 |       2 |  12.5 |       7 |       1 |  12.5
        D:3 |     174 |     149 |  46.1 |      30 |       1 |   3.2
        D:4 |     211 |     271 |  56.2 |      19 |       3 |  13.6
        D:5 |     313 |      18 |   5.4 |      13 |       1 |   7.1
        D:6 |     834 |       0 |   0.0 |      13 |       0 |   0.0
        D:7 |    1005 |       0 |   0.0 |      25 |       0 |   0.0
        D:8 |     213 |       0 |   0.0 |       7 |       0 |   0.0
    Ossuary |       0 |     170 | 100.0 |       0 |      11 | 100.0
            +---------+---------+-------+---------+---------+-------
